AoeStats
← Michi3052

Arena

504324956Analyzed
1v1 RM · 29d ago on Sep 4, 2026· 30m 7s· 2 players
Game mode
Random Map
Map size
Tiny (2 player)
Population
200
Speed
Normal
Resources
Standard
Victory
Conquest
Starting age
Dark Age
Ending age
Imperial Age
RankedLock teamsTeams togetherTeam positionsShared explorationLock speedFull tech treeHidden civsTurbo modeCheats
Victory
Defeat
🇪🇸 Turks · Spain
661
+13
🇺🇸 Franks · United States
591
-24
Michi3052
11:49 Feudal Age
12:22 Double-Bit Axe
18:10 Castle Age
17:09 Gold Mining
17:02 Horse Collar
24:33 Imperial Age
23:28 Bow Saw
24:35 Fletching
24:47 Padded Archer Armor
27:03 Loom
29:13 Leather Archer Armor
gamsnt
2:04 Loom
10:16 Feudal Age
11:40 Wheelbarrow
11:50 Double-Bit Axe
16:31 Stone Mining
16:32 Gold Mining
21:43 Castle Age
23:02 Bow Saw
24:35 Hand Cart
25:47 Gold Shaft Mining
25:55 Padded Archer Armor
29:38 Pikeman
Connection lost

Rejoining the realm…

Still unreachable

The connection could not be restored.

Session expired

The server has moved on; the page needs a fresh start.